Map: Dusk Towers

Players

Poison

  • Race: Terran Terran
  • League: Platinum

LilDicky - Winner!

  • Race: Terran Terran
  • League: Diamond

VOD

http://www.twitch.tv/tumescentpie

Description

Time

  • Played on: Nov. 30, 2015, 6:47 p.m.
  • Length: 6:19
Show
View Real Time Build Order
Export as new Build Order

Poison Terran 

Build Orders:  

Get SALT Encoding   

  12  0:00  SCV  
  13  0:12  SCV  
  14  0:17  Supply Depot  
  14  0:25  SCV  
  15  0:39  SCV  
  15  0:40  Barracks  
  16  0:51  SCV  
  16  0:52  Refinery  
  17  1:03  SCV  
  18  1:04  Refinery  
  18  1:15  SCV  
  19  1:26  Marine  
  19  1:29  Supply Depot  
  19  1:30  Orbital Command  
  20  1:44  Marine  
  21  1:55  Factory  
  21  1:56  SCV  
  22  2:02  Marine  
  22  2:08  SCV  
  24  2:19  Marine  
  24  2:20  SCV  
  26  2:32  SCV  
  26  2:36  Supply Depot  
  27  2:37  Marine  
  27  2:41  Widow Mine  
  27  2:42  Armory, Starport  
  30  2:45  SCV  
  31  2:57  SCV  
  32  3:00  Barracks Tech Lab  
  32  3:18  Medivac  
  34  3:29  Barracks  
  34  3:36  Barracks Reactor  
  34  3:40  Supply Depot  
  34  3:44  Command Center  
  34  3:51  Starport Reactor  
  34  3:53  SCV  
  35  4:02  Thor  
  41  4:05  Supply Depot  
  41  4:12  Engineering Bay  
  41  4:13  Marine x2  
  41  4:17  Barracks Tech Lab  
  43  4:24  Barracks  
  43  4:30  Supply Depot  
  43  4:32  SCV  
  43  4:35  Marine x2  
  46  4:39  Medivac  
  48  4:52  SCV, Refinery  
  49  4:57  Refinery  
  46  5:04  SCV  
  42  5:24  Marine  
Show
View Real Time Build Order
Export as new Build Order

LilDicky Terran - Winner!

Build Orders: Banshee Rush 

Get SALT Encoding   

  12  0:01  SCV  
  13  0:13  SCV  
  14  0:28  Supply Depot, SCV  
  15  0:29  Refinery  
  16  0:50  SCV  
  16  0:57  Barracks  
  16  1:03  SCV  
  17  1:16  SCV  
  18  1:28  SCV  
  19  1:44  Marine  
  19  1:45  Supply Depot  
  19  1:46  Orbital Command  
  20  1:52  Factory  
  20  1:56  Refinery  
  20  2:09  Marine  
  21  2:19  SCV  
  22  2:27  Marine  
  23  2:35  Factory Tech Lab  
  23  2:38  SCV, Starport  
  24  2:48  Marine  
  24  2:49  Command Center  
  24  2:50  SCV  
  26  3:02  SCV  
  27  3:06  Marine  
  27  3:07  Widow Mine  
  30  3:14  Engineering Bay  
  30  3:22  Cloaking Field  
  30  3:28  Supply Depot, Banshee  
  30  3:29  Marine  
  30  3:34  SCV  
  35  3:46  SCV  
  36  3:50  Missile Turret  
  36  3:53  Factory Reactor  
  36  3:58  SCV, Marine  
  38  4:11  Banshee  
  38  4:13  Orbital Command  
  38  4:16  SCV  
  42  4:19  Marine  
  43  4:31  Hellion  
  43  4:34  Hellion  
  43  4:37  SCV, Marine  
  49  4:42  SCV  
  50  4:46  Supply Depot  
  50  4:53  Hellion  
  52  5:07  SCV  
  52  5:13  Banshee  
  56  5:15  Hellion  
  56  5:16  Hellion  
  60  5:41  Marine  
  61  5:43  Hellion x2  
  61  5:48  Armory  
  60  5:58  Marine  
Tags
 
Add a new tag
Caveats
  • Supply blocks, unpowered buildings, or Contaminate may cause inaccurate times.
  • Supply counts are checked every 10 seconds.